 Dungeon Sprint DCSS version 0.29-a0-330-g52719c12eb (webtiles) character file.

Game seed: 8733631858376992808

7 jt the Chopper (level 2, 0/42 HPs)
             Began as a Naga Berserker on May 1, 2022.
             Was a Follower of Trog.
             Slain by a water moccasin (7 damage)
             ... in the Dungeon (Sprint II: "The Violet Keep of Menkaure").
             The game lasted 00:00:34 (207 turns).

jt the Chopper (Naga Berserker)                      Turns: 207, Time: 00:00:34

Health: 0/42       AC:  1    Str: 19    XL:     2   Next: 0%
Magic:  2/2        EV:  9    Int:  7    God:    Trog [*.....]
Gold:   243        SH:  0    Dex: 10    Spells: 1/1 levels left

rFire   . . .      SeeInvis +   a - +0 hand axe
rCold   . . .      Faith    .   (no shield)
rNeg    . . .      Spirit   .   b - +0 animal skin
rPois   +          Reflect  .   (no helmet)
rElec   .          Harm     .   (no cloak)
rCorr   .          Rampage  .   (no gloves)
Will    .....      NoTele   +   (no barding)
Stlth   ..........              (no amulet)
HPRegen 0.14/turn               (no ring)
MPRegen 0.08/turn               (no ring)

@: berserking (expiring), quick
A: AC +0, large, see invisible, deformed body, poison resistance, slowness 2,
spit poison 1, naga tail 1
a: Spit Poison, Renounce Religion, Berserk


You were in the Dungeon.
You worshipped Trog.
Trog was aware of your devotion.
You visited 1 branch You collected 243 gold pieces.

Inventory:

Hand Weapons
 a - a +0 hand axe (weapon)
Armour
 b - a +0 animal skin (worn)
Scrolls
 h - a scroll of blinking
Potions
 c - a potion of curing
 d - a potion of heal wounds
 e - a potion of haste
 f - 2 potions of magic
 g - a potion of berserk rage


   Skills:
 - Level 3.0 Fighting
 + Level 4.8 Axes
 - Level 1.5 Armour
 - Level 1.5 Dodging


You had one spell level left.
You didn't know any spells.
Your spell library was empty.

Dungeon Overview and Level Annotations

Branches:
Dungeon (1/1)

Altars:

Annotations:
D Menkaure, Roxanne


Innate Abilities, Weirdness & Mutations

Your serpentine skin is tough. (AC +0)
You have supernaturally acute eyesight. (SInv)
Armour fits poorly on your strangely shaped body.
Your system is resistant to poisons. (rPois)
You cover ground very slowly.
You can spit poison.
You have a snake-like lower body.


Message History

You start resting.
You feel a strong urge to attack something.
You start resting.
You are no longer berserk.
You are exhausted.
You feel yourself slow down.
You close the door.
You start resting.
You feel yourself speed up.
You start resting.
You recover from your berserk rage.
There is a staircase leading out of the dungeon here.
You start resting.
Found 243 gold pieces. 2 boulder beetles come into view.
Menkaure shouts!
You close the door.
You open the door.
There is an open door, spattered with blood here.
You now have 243 gold pieces.
As you close the door, it creaks loudly!
You start resting.
HP restored.
As you open the door, it creaks loudly!
You hear an angry hiss.
A water moccasin comes into view.
Marking area around Roxanne as unsafe for travelling.
A red film seems to cover your vision as you go berserk!
You feel yourself moving faster!
You feel mighty! The water moccasin bites you!
You miss the water moccasin. The water moccasin closely misses you.
You barely miss the water moccasin. The water moccasin bites you.
You barely miss the water moccasin. The water moccasin bites you!
You miss the water moccasin. The water moccasin closely misses you.
You closely miss the water moccasin. The water moccasin bites you.
You are too injured to fight recklessly!
You miss the water moccasin. The water moccasin bites you.
You closely miss the water moccasin. The water moccasin bites you!
* * * LOW HITPOINT WARNING * * *
A worm comes into view.
You barely miss the water moccasin. The water moccasin bites you!
You die...

§§§ .≈8
≈. ≈≈
+++# ...
#w## #S##
##@.#
#..## #
#+## .##
##.##BM$#
+.<.+#
##.##B..#
#+# .## #


You could see Roxanne, a water moccasin and a worm.

Vanquished Creatures
  2 worms (D)
2 creatures vanquished.

Notes
Turn   | Place    | Note
-------+----------+-------------------------------------------
     0 | D        | jt the Naga Berserker began the quest for the Orb.
     0 | D        | Reached XP level 1. HP: 21/21 MP: 1/1
    12 | D        | Reached skill level 4 in Axes
    16 | D        | Reached XP level 2. HP: 15/28 MP: 2/2
   122 | D        | Noticed a boulder beetle
   122 | D        | Noticed a boulder beetle
   122 | D        | Noticed Menkaure
   197 | D        | Noticed Roxanne
   197 | D        | Noticed a water moccasin
   207 | D        | Slain by a water moccasin

Illustrated notes

Levels and vault maps discovered:
D:        the_violet_keep_of_menkaure [sprint2_stairs_cluster_1,
          sprint2_shoproom, sprint2_temple, sprint2_basic_supplies,
          sprint2_obstacle_5, sprint2_obstacle_2, sprint2_obstacle_6,
          sprint2_obstacle_4, sprint2_obstacle_7, sprint2_timed_cluster_1,
          sprint2_smallroom_cluster_1, sprint2_smallroom_final_cluster_1,
          sprint2_transparent_cluster_1, sprint2_second_timed_cluster_1,
          sprint2_sniper_area_1, sprint2_heavy_combat_area_1,
          sprint2_mutation_trap_area_1, sprint2_forest_area_1,
          sprint2_light_combat_area_1, sprint2_behind_water_1,
          sprint2_near_end_vault_1]

Skill      XL: |  1 |
---------------+----+-----
Axes           | 4 |  4.8
Fighting       | |  3.0
Armour         | |  1.5
Dodging        | |  1.5

Action                   || total
-------------------------++-------
Melee: Hand axe          ||    16
       Punch             ||     1
Invok: Berserk           ||     2
 Abil: Spit Poison       ||     2
Dodge: Dodged            ||     4

Table legend: (Time is in decaauts)
 A = Elapsed time spent in this place.
 B = Non-inter-level travel time spent in this place.
 C = Inter-level travel time spent in this place.
 D = Time resting spent in this place.
 E = Time spent auto-exploring this place.
 F = Levels seen in this place.
 G = Mean time per level.
                   A        B        C        D        E       F      G
               +--------+--------+--------+--------+--------+-----+--------+
         Total |    217 |    217 |      0 |    177 |      0 |   1 |  217.0 |
       Dungeon |    217 |    217 |      0 |    177 |      0 |   1 |  217.0 |
               +--------+--------+--------+--------+--------+-----+--------+

Top non-repeatable levels by time:
       D: 217 daAuts
